 Dungeon Crawl Stone Soup version 0.31.0-11-ge490571c62 (webtiles) character file.

Game seed: 17159154149055352174

3323 qw the Skirmisher (level 9, 0/46 HPs)
             Began as a Spriggan Hunter on Feb 3, 2024.
             Shot with a sling bullet by Joseph (2 damage)
             ... on level 8 of the Dungeon.
             The game lasted 00:01:39 (4991 turns).

qw the Skirmisher (Spriggan Hunter)                 Turns: 4991, Time: 00:01:40

Health: 0/46       AC:  5    Str:  7    XL:     9   Next: 71%
Magic:  10/10      EV: 25    Int: 11    God:
Gold:   246        SH:  0    Dex: 22    Spells: 8/8 levels left

rFire   . . .        e - +5 arbalest (elec)
rCold   . . .        (shield currently unavailable)
rNeg    . . .        b - +1 troll leather armour {Pargi}
rPois   .            (helmet restricted)
rElec   .            h - +0 cloak
rCorr   .            (gloves unavailable)
SInv    +            (boots unavailable)
Will    +....        j - amulet of faith
Stlth   ++           (no ring)
HPRegen 1.07/turn    (no ring)
MPRegen 0.12/turn

%: faith
@: lethally poisoned (0 -> 0), about to teleport, hasted, very quick
A: very small, no large weapons, unfitting armour, see invisible, speed 3
a: no special abilities


You were on level 8 of the Dungeon.
You visited 2 branches of the dungeon, and saw 9 of its levels.
You also visited: Sewer and Ossuary.

You collected 414 gold pieces.
You spent 168 gold pieces at shops.


Innate Abilities, Weirdness & Mutations

You are very small and have problems with some larger weapons.
You are too small for most types of armour.
You have supernaturally acute eyesight. (SInv)
You cover ground extremely quickly. (Speed+++)


   Skills:
 - Level 4.3 Fighting
 - Level 11.1 Ranged Weapons
 + Level 10.4 Dodging
 - Level 1.5 Stealth


You had 8 spell levels left.
You didn't know any spells.
Your spell library was empty.

Inventory:

Hand Weapons
 e - a +5 arbalest of electrocution (weapon)
Armour
 b - a +1 troll leather armour (worn) {Pargi}
 h - a +0 cloak (worn)
Jewellery
 j - an amulet of faith (around neck)
Wands
 l - a wand of polymorph (9)
 n - a wand of roots (11)
Scrolls
 d - 7 scrolls of teleportation
 m - 3 scrolls of identify
Potions
 a - 3 potions of heal wounds
 c - a potion of mutation {unknown}
 g - 3 potions of enlightenment
 i - 5 potions of might
 k - a potion of curing

Dungeon Overview and Level Annotations

Branches:
Dungeon (8/15)             Temple (1/1) D:6           Sewer (visited)
Ossuary (visited)
   Lair: D:8-11

Altars:
Ashenzari
Cheibriados
Dithmenos
Elyvilon
Fedhas
Kikubaaqudgha
Makhleb
Nemelex Xobeh
Ru
Sif Muna
Uskayaw
Wu Jian
Xom
Yredelemnul
Zin
The Shining One

Shops:
D:8 ?

Annotations:
D:7 1 runed translucent door, Crazy Yiuf
D:8 Joseph


Message History

Joseph, a Mercenary comes into view.
He is wielding a +1 quarterstaff of speed.
The killer bee completely misses you.
4987 ||| ZAPPING wand of acid (3) at 1,-2 (Joseph; floor).
Aiming: Corrosive Bolt
Press: ? - help, Q - select action, (/) - cycle Shift-Dir - straight line, f - Joseph, p - killer bee The bolt of acid misses the killer bee.
The bolt of acid hits Joseph!
The acid corrodes Joseph!
Joseph is lightly wounded.
You feel sick.
You hear a bark! x2
The killer bee misses you. The killer bee completely misses you.
You hear a bark!
4988 ||| ZAPPING wand of acid (2) at 1,-2 (Joseph; floor).
Aiming: Corrosive Bolt
Press: ? - help, Q - select action, (/) - cycle Shift-Dir - straight line, f/p - Joseph The bolt of acid misses the killer bee.
The bolt of acid hits Joseph.
Joseph seems to be corroded for longer.
Joseph is moderately wounded.
You feel sick. The killer bee misses you. The killer bee stings you.
4989 ||| ZAPPING wand of acid (1) at 0,-2 (Joseph; floor).
Aiming: Corrosive Bolt
Press: ? - help, Q - select action, (/) - cycle Shift-Dir - straight line, f/p - Joseph The bolt of acid hits the killer bee!
You kill the killer bee!
The bolt of acid misses Joseph.
The now-empty wand crumbles to dust.
You feel sick.
Joseph unwields a +1 quarterstaff of speed.
Joseph wields a +1 sling of freezing.
It is covered in frost.
Joseph shoots a sling bullet.
The sling bullet completely misses you.
4990 ||| DRINKING potion of haste.
You feel yourself speed up.
You feel sick.
Joseph shoots a sling bullet.
The sling bullet hits you! The sling bullet freezes you.
4991 ||| READING 8 scrolls of teleportation.
As you read the scroll of teleportation, it crumbles to dust.
You feel strangely unstable.
You feel sick.
A hound comes into view.
Joseph shoots a sling bullet.
The sling bullet hits you! The sling bullet freezes you.
You die...

#...........##
#............###.
##.........##....#
#.........## ###.####
#.......### #.#.h
#......## #%.. ...#.###
#@. ..#### #%## ### #@%#
.# ##.# .### #.# ~ ...###
####.###...~
##...#########...........
####..%####.#............
###%##%#..............
#..###.###........#.
#..%...#%#..........


You could see Joseph (corroded) and a hound.

Vanquished Creatures
  Pikel (D:7)
  5 yaks (D:8)
  Pargi (Sewer)
  3 ice beasts
  A sky beast (D:7)
  2 centaurs (D:6)
  3 phantoms
  3 lemures (D:7)
  A brain worm (Sewer)
  2 bullfrogs (D:7)
  3 scorpions
  4 killer bees (D:8)
  2 centaur zombies (Ossuary)
  An orc priest (D:5)
  2 jellies (D:6)
  A hound (D:4)
  2 iguanas (D:6)
  Jessica (D:3)
  A sleepcap (D:7)
  Ijyb (D:3)
  2 orc wizards
  4 crocodile zombies (Ossuary)
  4 mummies
  6 gnolls
  6 adders
  2 shadow imps
  3 white imps
  2 ufetubi (D:6)
  A ribbon worm (D:5)
  2 dart slugs
  7 orcs
  10 endoplasms
  4 giant cockroaches
  2 gnoll zombies (Ossuary)
  11 goblins
  2 hobgoblins
  7 jackals
  3 quokkas
  5 ball pythons
  8 bats
  5 frilled lizards
  6 kobolds
  2 kobold zombies (Ossuary)
  2 orc zombies (D:4)
  5 rats
151 creatures vanquished.

Notes
Turn   | Place    | Note
-------+----------+-------------------------------------------
     0 | D:1      | qw the Spriggan Hunter began the quest for the Orb.
     0 | D:1      | Reached XP level 1. HP: 10/10 MP: 2/2
     0 | D:1      | 0 ||| qw: Version: 0.3-a-155-g5e7d8dd
     0 | D:1      | 0 ||| qw: Game counter: 3112
     0 | D:1      | 0 ||| qw: Melee chars always use a shield: true
     0 | D:1      | 0 ||| qw: God list: Okawaru
     0 | D:1      | 0 ||| qw: Allow faded altars: false
     0 | D:1      | 0 ||| qw: Do Orc after clearing Dungeon:15 true
     0 | D:1      | 0 ||| qw: Do second Lair branch before Depths: true
     0 | D:1      | 0 ||| qw: Lair rune preference: random
     0 | D:1      | 0 ||| qw: Goals: Normal
     0 | D:1      | 0 ||| PLANNING D:1-11
    48 | D:1      | Reached skill level 3 in Dodging
   111 | D:1      | Reached XP level 2. HP: 14/14 MP: 3/3
   416 | D:1      | Reached XP level 3. HP: 18/18 MP: 4/4
   503 | D:1      | 503 ||| READING scroll labelled QUPEITA GUIP.
   503 | D:1      | 503 ||| ENCHANTING +0 shortbow.
   504 | D:1      | 504 ||| READING scroll labelled WYCUNL XIEDGHAI.
   505 | D:1      | 505 ||| READING scroll labelled UPSIET JIRR.
   506 | D:1      | 506 ||| READING 3 scrolls labelled XEORE OTTUCW.
   506 | D:1      | 506 ||| IDENTIFYING lumpy green potion
   507 | D:1      | 507 ||| READING 2 scrolls of identify.
   507 | D:1      | 507 ||| IDENTIFYING scroll labelled JIOSHROHAEPH
   508 | D:1      | 508 ||| READING scroll of identify.
   508 | D:1      | 508 ||| IDENTIFYING scroll labelled KAZIMO ETUOLUSUL
   508 | D:1      | Identified a scroll of acquirement
   509 | D:1      | 509 ||| READING scroll of acquirement.
   509 | D:1      | 509 ||| ACQUIRING +5 arbalest of electrocution
   509 | D:1      | Acquired a +5 arbalest of electrocution
   511 | D:1      | 511 ||| SWAPPING to +5 arbalest of electrocution.
   512 | D:1      | 512 ||| DROPPING +0 shortbow.
   513 | D:1      | 513 ||| DROPPING scroll of butterflies.
   514 | D:1      | 514 ||| DROPPING potion of magic.
   515 | D:1      | 515 ||| DROPPING scroll of fear.
   517 | D:1      | 517 ||| Stepping ~*~*~tactically~*~*~ (cloud).
   521 | D:1      | HP: 4/18 [poisoned by you (poison gas)]
   525 | D:1      | HP: 1/18 [poisoned by you (poison gas)]
   978 | D:2      | Reached skill level 5 in Ranged Weapons
   981 | D:2      | Reached XP level 4. HP: 22/22 MP: 5/5
  1375 | D:2      | 1375 ||| READING scroll of identify.
  1375 | D:2      | 1375 ||| IDENTIFYING fuming clear potion
  1376 | D:2      | 1376 ||| READING scroll labelled NULIETWOSIMM.
  1381 | D:2      | 1381 ||| DRINKING 2 murky purple potions.
  1392 | D:3      | 1392 ||| PLANNING SEWER
  1448 | D:3      | Found an ornate altar of the Wu Jian Council.
  1518 | D:3      | Found a sparkling altar of Nemelex Xobeh.
  1533 | D:3      | Noticed Ijyb
  1537 | D:3      | HP: 1/22 [Ijyb/+7 club (8)]
  1538 | D:3      | 1538 ||| DRINKING potion of heal wounds.
  1540 | D:3      | Killed Ijyb
  1602 | D:3      | Reached XP level 5. HP: 26/26 MP: 6/6
  1608 | D:3      | Found a glowing drain.
  1609 | D:3      | 1609 ||| READING scroll labelled SESOIM UDEFUN.
  1671 | Sewer    | Entered a sewer
  1692 | Sewer    | Noticed Pargi
  1699 | Sewer    | Killed Pargi
  1700 | Sewer    | Reached skill level 6 in Ranged Weapons
  1700 | Sewer    | Reached XP level 6. HP: 18/30 MP: 7/7
  1776 | Sewer    | 1776 ||| UPGRADING to +0 troll leather armour {Pargi}.
  1786 | Sewer    | 1786 ||| DROPPING +0 robe.
  1795 | D:3      | 1795 ||| PLANNING D:1-11
  1850 | D:3      | Found a white marble altar of Elyvilon.
  1985 | D:3      | Noticed Jessica
  1988 | D:3      | Killed Jessica
  2272 | D:3      | 2272 ||| READING scroll of identify.
  2272 | D:3      | 2272 ||| IDENTIFYING fizzy orange potion
  2273 | D:3      | 2273 ||| DROPPING potion of attraction.
  2297 | D:4      | 2297 ||| PLANNING OSSUARY
  2321 | D:4      | Reached skill level 6 in Dodging
  2519 | D:4      | Noticed an ice beast
  2521 | D:4      | Killed an ice beast
  2522 | D:4      | Reached XP level 7. HP: 35/35 MP: 8/8
  2543 | D:4      | Reached skill level 7 in Ranged Weapons
  2707 | D:4      | Found a sand-covered staircase.
  2712 | D:4      | 2712 ||| UPGRADING to amulet of faith.
  2717 | D:4      | 2717 ||| READING scroll of identify.
  2717 | D:4      | 2717 ||| IDENTIFYING ruby potion
  2718 | D:4      | 2718 ||| READING scroll labelled WASIUN BUOTI.
  2719 | D:4      | 2719 ||| READING scroll labelled FUCHIF SI UFAM.
  2723 | Ossuary  | Entered an ossuary
  2765 | Ossuary  | Reached skill level 8 in Ranged Weapons
  2806 | Ossuary  | 2806 ||| READING scroll of enchant armour.
  2806 | Ossuary  | 2806 ||| ENCHANTING +0 troll leather armour {Pargi}.
  2816 | D:4      | 2816 ||| PLANNING D:1-11
  2912 | D:4      | Found a glowing silver altar of Zin.
  3027 | D:5      | Entered Level 5 of the Dungeon
  3243 | D:5      | Found a snail-covered altar of Cheibriados.
  3244 | D:5      | 3244 ||| UPGRADING to +0 cloak.
  3393 | D:5      | Reached skill level 3 in Fighting
  3406 | D:5      | Reached XP level 8. HP: 40/40 MP: 9/9
  3493 | D:5      | 3493 ||| DROPPING amulet of magic regeneration.
  3519 | D:6      | 3519 ||| FLEEEEING.
  3520 | D:6      | 3520 ||| FLEEEEING.
  3521 | D:6      | 3521 ||| FLEEEEING.
  3522 | D:6      | 3522 ||| FLEEEEING.
  3774 | D:6      | Reached skill level 9 in Ranged Weapons
  3895 | D:6      | Found a staircase to the Ecumenical Temple.
  3896 | D:6      | 3896 ||| PLANNING TEMPLE
  3896 | D:6      | 3896 ||| DRINKING 2 fuming cyan potions.
  3911 | Temple   | Entered the Ecumenical Temple
  3912 | Temple   | 3912 ||| PLANNING D:1-11
  4309 | D:6      | 4309 ||| READING scroll of identify.
  4309 | D:6      | 4309 ||| IDENTIFYING orange potion
  4310 | D:6      | 4310 ||| DROPPING potion of invisibility.
  4350 | D:7      | Reached skill level 9 in Dodging
  4418 | D:7      | Noticed Pikel
  4419 | D:7      | 4419 ||| DRINKING 2 potions of haste.
  4422 | D:7      | 4422 ||| RETREEEEATING.
  4423 | D:7      | 4423 ||| RETREEEEATING.
  4424 | D:7      | 4424 ||| RETREEEEATING.
  4425 | D:7      | 4425 ||| RETREEEEATING.
  4426 | D:7      | 4426 ||| RETREEEEATING.
  4427 | D:7      | 4427 ||| RETREEEEATING.
  4428 | D:7      | 4428 ||| RETREEEEATING.
  4429 | D:7      | 4429 ||| RETREEEEATING.
  4430 | D:7      | 4430 ||| RETREEEEATING.
  4431 | D:7      | 4431 ||| RETREEEEATING.
  4432 | D:7      | 4432 ||| RETREEEEATING.
  4433 | D:7      | 4433 ||| RETREEEEATING.
  4435 | D:7      | 4435 ||| RETREEEEATING.
  4436 | D:7      | 4436 ||| RETREEEEATING.
  4447 | D:7      | Killed Pikel
  4448 | D:7      | Reached skill level 10 in Ranged Weapons
  4448 | D:7      | Reached XP level 9. HP: 44/44 MP: 10/10
  4858 | D:7      | Found a runed translucent door.
  4859 | D:7      | Noticed Crazy Yiuf
  4862 | D:7      | 4862 ||| READING scroll labelled UMUQUL XEXI.
  4863 | D:7      | 4863 ||| DRINKING 2 viscous ruby potions.
  4864 | D:7      | 4864 ||| DROPPING wand of flame (28).
  4921 | D:8      | Found Waikhlui's Magic Scroll Shop.
  4951 | D:8      | Reached skill level 11 in Ranged Weapons
  4966 | D:8      | 4966 ||| BUYING scroll of identify (28 gold).
  4966 | D:8      | Bought a scroll of identify for 28 gold pieces
  4966 | D:8      | 4966 ||| BUYING scroll of identify (28 gold).
  4966 | D:8      | Bought a scroll of identify for 28 gold pieces
  4966 | D:8      | 4966 ||| BUYING scroll of identify (28 gold).
  4966 | D:8      | Bought a scroll of identify for 28 gold pieces
  4966 | D:8      | 4966 ||| BUYING scroll of teleportation (42 gold).
  4966 | D:8      | Bought a scroll of teleportation for 42 gold pieces
  4966 | D:8      | 4966 ||| BUYING scroll of teleportation (42 gold).
  4966 | D:8      | Bought a scroll of teleportation for 42 gold pieces
  4986 | D:8      | Noticed Joseph
  4987 | D:8      | 4987 ||| ZAPPING wand of acid (3) at 1,-2 (Joseph; floor).
  4988 | D:8      | 4988 ||| ZAPPING wand of acid (2) at 1,-2 (Joseph; floor).
  4989 | D:8      | 4989 ||| ZAPPING wand of acid (1) at 0,-2 (Joseph; floor).
  4990 | D:8      | 4990 ||| DRINKING potion of haste.
  4990 | D:8      | HP: 11/46 [Joseph/sling bullet (3)]
  4991 | D:8      | 4991 ||| READING 8 scrolls of teleportation.
  4991 | D:8      | HP: 2/46 [Joseph/sling bullet (9)]
  4991 | D:8      | Shot with a sling bullet by Joseph

Levels and vault maps discovered:
D:1:      evilmike_arrival_fibonacci_small, layout_basic
D:2:      layout_loops_corners, hangedman_decor_points
D:3:      layout_loops_ring, pdpol_wu_jian_five_deadly_venoms,
          nemelex_dance_club_becter, mainiacjoe_overflow_alcove_4,
          portal_sewer_entry_d, st_stairs_13, hex_tiny, uniq_jessica, uniq_ijyb
D:4:      layout_basic, zin_academy, nicolae_ossuary_entry_giza
D:5:      layout_basic, cheibrodos_worm_habitat
D:6:      layout_basic, minmay_temple_entry_large_hall
D:7:      layout_cave_pools, minmay_holes, kennysheep_generic_room_6,
          uniq_crazy_yiuf_cottage, uniq_pikel
D:8:      layout_cave_pods, mainiacjoe_overflow_cross_hatched,
          lemuel_tele_altar, erik_lair_island, serial_shops,
          nicolae_shop_gibbet_a_chance, minmay_manual_mess, uniq_joseph,
          uniq_erica
Temple:   jpeg_temple_clearing

Skill      XL: |  1  2  3  4  5  6  7  8  9 |
---------------+----------------------------+-----
Dodging        | 3 4 5 6 7 9 10 | 10.4
Ranged Weapons | 5 6 8 10 11 | 11.1
Fighting       | 2 3 4 |  4.3
Stealth        | |  1.5

Action                     |  1- 3 |  4- 6 |  7- 9 || total
---------------------------+-------+-------+-------++-------
   Fire: Shortbow          |    65 |       |       ||    65
         Arbalest          |    17 |    65 |   166 ||   248
  Evoke: Wand              |       |       |     3 ||     3
    Use: Scroll            |     7 |     4 |     7 ||    18
         Potion            |       |     2 |     4 ||     6
 Armour: Robe              |     9 |     8 |       ||    17
         Troll leather arm |       |       |    22 ||    22
  Dodge: Dodged            |    30 |    26 |    75 ||   131

Table legend:
 A = Non-vault XP
 B = Vault XP
 C = Vault XP percentage of total XP
 D = Non-vault monster count
 E = Vault monster count
 F = Vault count percentage of total count
                 A         B        C        D         E       F
            +---------+---------+-------+---------+---------+-------
      Total |    3249 |    1499 |  31.6 |     117 |      31 |  20.9
            +---------+---------+-------+---------+---------+-------
        D:1 |      51 |       0 |   0.0 |      31 |       0 |   0.0
        D:2 |      91 |       0 |   0.0 |      18 |       0 |   0.0
        D:3 |      48 |      93 |  66.0 |      13 |       6 |  31.6
        D:4 |     318 |      20 |   5.9 |      15 |       3 |  16.7
        D:5 |     405 |       5 |   1.2 |      10 |       1 |   9.1
        D:6 |     648 |       0 |   0.0 |      15 |       0 |   0.0
        D:7 |     277 |     897 |  76.4 |       5 |       4 |  44.4
        D:8 |    1411 |       0 |   0.0 |      10 |       0 |   0.0
      Sewer |       0 |     229 | 100.0 |       0 |       4 | 100.0
    Ossuary |       0 |     255 | 100.0 |       0 |      13 | 100.0
            +---------+---------+-------+---------+---------+-------
